AoeStats
← bro

African Clearing

510540005Analyzed
3v3 RM · 16h ago on Oct 1, 2026· 62m 6s· 6 players
Game mode
Random Map
Map size
Normal (6 player)
Population
200
Speed
Normal
Resources
Standard
Victory
Conquest
Starting age
Dark Age
Ending age
Imperial Age
RankedLock teamsTeams togetherTeam positionsShared explorationLock speedFull tech treeHidden civsTurbo modeCheats
Victory
Defeat
🇹🇼 Magyars · Taiwan
1018
+13
🇨🇳 Teutons · China
1000
+14
🇧🇷 Khmer · Brazil
988
+14
🇩🇪 Celts · Germany
967
-14
🇪🇸 Turks · Spain
958
-14
🇫🇮 Spanish · Finland
933
-39
Assassine
4:18 Loom
16:03 Feudal Age
16:35 Town Watch
18:05 Double-Bit Axe
23:15 Castle Age
21:57 Padded Archer Armor
22:44 Fletching
25:30 Wheelbarrow
26:04 Horse Collar
28:28 Pikeman
30:25 Gambesons
32:07 Scale Mail Armor
37:44 Bow Saw
37:36 Heavy Plow
39:28 Husbandry
39:51 Arson
46:55 Leather Archer Armor
46:57 Chain Mail Armor
53:25 Forging
53:12 Bodkin Arrow
54:37 Hand Cart
59:55 Imperial Age
61:12 Halberdier
62:38 Ring Archer Armor
Kind hearted Topi
12:52 Feudal Age
14:26 Wheelbarrow
17:55 Double-Bit Axe
26:05 Castle Age
52:29 Inquisition
56:07 Stone Mining
Ortegasmo 14
9:49 Loom
16:29 Feudal Age
21:23 Castle Age
20:11 Double-Bit Axe
ERJ1919
3:41 Loom
16:29 Feudal Age
22:56 Bloodlines
23:47 Scale Barding Armor
26:41 Castle Age
26:56 Wheelbarrow
26:07 Town Watch
28:01 Chain Barding Armor
27:05 Light Cavalry
32:59 Scale Mail Armor
33:05 Double-Bit Axe
35:05 Forging
38:01 Horse Collar
41:07 Husbandry
42:27 Bow Saw
42:21 Heavy Plow
42:28 Gold Mining
42:31 Stone Mining
43:14 Town Patrol
43:31 Hand Cart
44:26 Iron Casting
44:06 Chain Mail Armor
49:26 Chain Mail Armor
53:10 Imperial Age
53:42 Ballistics
54:48 Double Crossbow
57:39 Plate Barding Armor
58:36 Crop Rotation
58:52 Conscription
60:58 Blast Furnace
61:47 Stone Shaft Mining
61:47 Gold Shaft Mining
60:56 Capped Ram
63:16 Chemistry
62:08 Heated Shot
給你舒服
15:34 Feudal Age
14:04 Loom
16:08 Double-Bit Axe
20:59 Castle Age
21:20 Scale Barding Armor
21:58 Bow Saw
23:52 Bloodlines
24:26 Horse Collar
31:57 Chain Barding Armor
31:46 Husbandry
bro
6:42 Loom
15:16 Feudal Age
21:48 Castle Age
21:24 Double-Bit Axe
21:21 Horse Collar
26:09 Bow Saw
26:09 Heavy Plow
27:37 Wheelbarrow
26:55 Town Watch
30:22 Gold Mining
30:23 Stone Mining
34:03 Imperial Age
33:53 Stone Shaft Mining
34:17 Bloodlines
34:21 Forging
34:17 Scale Barding Armor
34:24 Scale Barding Armor
34:23 Town Patrol
34:39 Hand Cart
34:15 Cavalier
36:41 Paladin
38:07 Iron Casting
37:53 Chain Barding Armor
40:48 Blast Furnace
40:23 Plate Barding Armor
41:25 Crop Rotation
41:59 Two-Man Saw
44:58 Conscription
45:11 Crenellations
45:42 Ironclad
45:44 Crenellations
47:18 Hoardings
49:28 Ballistics
50:08 Chemistry
49:21 Masonry
Connection lost

Rejoining the realm…

Still unreachable

The connection could not be restored.

Session expired

The server has moved on; the page needs a fresh start.